[Event "Titled Tuesday Blitz February 22 Early 2022"]
[White "Wagner, Dinara"]
[Black "Rudykh, Stepan"]
[WhiteFideId "24157570"]
[BlackFideId "4180321"]
[WhiteElo "2216"]
[BlackElo "2120"]
[Result "1-0"]
[Round "03"]
[TimeControl "180+1"]
[Date "2022.02.22"]
[WhiteClock "0:01:32"]
[BlackClock "0:01:58"]

1. Nf3 e6 2. c4 f5 3. g3 Nf6 4. Bg2 Be7 5. d3 O-O 6. Nc3 d6 7. O-O a5 8. e4 e5 9. exf5 Bxf5 10. Nh4 Bc8 11. d4 Nc6 12. d5 Nb8 13. Be3 b6 14. Nf3 Bg4 15. h3 Bc8 16. Ng5 Qe8 17. Ne6 Bxe6 18. dxe6 Ra6 19. Nd5 Bd8 20. e7 Bxe7 21. Nxc7 Qc8 22. Nxa6 Nxa6 23. Bxb6 Qxc4 24. Bxa5 d5 25. Rc1 Qb5 26. Bd2 Nc5 27. Bg5 e4 28. Bxf6 1-0


[Site "https://www.chess.com"]

[Event "Titled Tuesday Blitz February 22 Early 2022"]
[White "Dubov, Daniil"]
[Black "Melian, Juan Sebastian"]
[WhiteFideId "24126055"]
[BlackFideId "3706575"]
[WhiteElo "2791"]
[BlackElo "1842"]
[Result "1-0"]
[Round "03"]
[TimeControl "180+1"]
[Date "2022.02.22"]
[WhiteClock "0:00:52"]
[BlackClock "0:00:01"]

1. d4 Nf6 2. Nf3 e6 3. c4 Bb4+ 4. Nbd2 d5 5. g3 O-O 6. Bg2 b6 7. O-O Bb7 8. Ne5 Qc8 9. cxd5 Nxd5 10. Ndf3 Nf6 11. Bf4 Bd6 12. Rc1 Qd8 13. Qc2 Qe7 14. Bg5 Nbd7 15. Nxd7 Qxd7 16. Ne5 Bxe5 17. Bxb7 Qxd4 18. Bxa8 Rxa8 19. Rfd1 Qg4 20. Qc6 Rf8 21. Bxf6 gxf6 22. Rd2 Qg6 23. Kg2 Bf4 24. e3 Be5 25. Rc4 Bd6 26. Qf3 f5 27. e4 fxe4 28. Rxe4 Kh8 29. Rg4 Qh6 30. Re2 f5 31. Rh4 Qg6 32. Qh5 Qxh5 33. Rxh5 Kg7 34. Rxe6 f4 35. Rg5+ Kh8 36. g4 f3+ 37. Kh3 Bf4 38. Rf5 Rxf5 39. gxf5 Bc1 40. b3 Kg8 41. Re7 Bf4 42. f6 h6 43. Kg4 Bxh2 44. Kf5 Bd6 45. Kg6 1-0


[Site "https://www.chess.com"]

[Event "Titled Tuesday Blitz February 22 Early 2022"]
[White "Dushyant Sharma"]
[Black "Csonka, Balazs"]
[WhiteFideId "25065130"]
[BlackFideId "742910"]
[WhiteElo "2012"]
[BlackElo "2404"]
[Result "0-1"]
[Round "03"]
[TimeControl "180+1"]
[Date "2022.02.22"]
[WhiteClock "0:00:08"]
[BlackClock "0:00:05"]

1. e4 c6 2. d4 d5 3. exd5 cxd5 4. Bd3 Nc6 5. c3 Qc7 6. Ne2 Bg4 7. Na3 e6 8. Nb5 Qd7 9. Bf4 Rc8 10. h3 Bxe2 11. Qxe2 a6 12. Na3 Bxa3 13. bxa3 Nge7 14. O-O O-O 15. Rab1 Na5 16. Rfc1 Nc4 17. a4 Rc6 18. Qh5 Ng6 19. Bg3 Rfc8 20. f4 Nd2 21. Rb2 Ne4 22. Bxe4 dxe4 23. Rb3 Ne7 24. Qe5 f5 25. Kh2 b6 26. c4 Ng6 27. d5 Nxe5 28. dxc6 Qd2 29. Rcb1 Nxc6 30. Rxb6 e3 31. c5 Nd4 32. R6b2 Qd3 33. Rb8 Rxb8 34. Rxb8+ Kf7 35. Rd8 Nf3+ 36. gxf3 Qxd8 0-1


[Site "https://www.chess.com"]

[Event "Titled Tuesday Blitz February 22 Early 2022"]
[White "Dwilewicz, Katarzyna"]
[Black "Voege, Tobias"]
[WhiteFideId "1148486"]
[BlackFideId "1270513"]
[WhiteElo "1907"]
[BlackElo "2335"]
[Result "1-0"]
[Round "03"]
[TimeControl "180+1"]
[Date "2022.02.22"]
[WhiteClock "0:00:06"]
[BlackClock "0:00:08"]

1. e4 c5 2. Nf3 Nc6 3. d4 cxd4 4. Nxd4 d5 5. Bb5 dxe4 6. Nxc6 Qxd1+ 7. Kxd1 a6 8. Ba4 Bd7 9. Nc3 Bxc6 10. Bxc6+ bxc6 11. Nxe4 e5 12. Ke2 f6 13. Rd1 Rd8 14. Be3 Be7 15. Bb6 Rb8 16. Be3 Nh6 17. b3 Nf5 18. Bc5 Bxc5 19. Nxc5 Nd4+ 20. Kd3 a5 21. c3 Nf5 22. Ke4 g6 23. Rd2 Rd8 24. Rad1 Rxd2 25. Rxd2 O-O 26. f3 Re8 27. g4 Ne7 28. c4 Kf7 29. Rd7 Ra8 30. h4 h6 31. a3 Rb8 32. Rb7 Rxb7 33. Nxb7 a4 34. b4 Nc8 35. c5 Ke6 36. Nd8+ Kd7 37. Nf7 h5 38. g5 fxg5 39. Nxe5+ Kc7 40. hxg5 Ne7 41. f4 h4 42. Kf3 Nd5 43. Nxg6 Nxb4 44. Ne5 Nc2 45. g6 Nd4+ 46. Ke4 Ne6 47. f5 Ng7 48. f6 Ne6 49. g7 Nxc5+ 50. Kd4 Nb3+ 51. Kc3 h3 52. g8=Q h2 53. Qg7+ Kb6 54. Qh6 h1=Q 55. Qxh1 Na5 56. Qg1+ Kc7 57. Nc4 Nb7 58. Qg3+ Kd7 59. f7 Ke7 60. Qf4 Kf8 61. Qb8+ Kxf7 62. Qxb7+ Ke6 63. Qxc6+ Ke7 64. Qd6+ Ke8 65. Kd4 Kf7 66. Ke5 Ke8 67. Qe6+ Kd8 68. Qf7 Kc8 69. Kd6 Kb8 70. Kc6 Ka8 71. Nb6+ Kb8 72. Qb7# 1-0


[Site "https://www.chess.com"]

[Event "Titled Tuesday Blitz February 22 Early 2022"]
[White "Dziththauly, Ramadhan"]
[Black "Todorovic, Bojan"]
[WhiteFideId "7105525"]
[BlackFideId "917087"]
[WhiteElo "2579"]
[BlackElo "2266"]
[Result "1-0"]
[Round "03"]
[TimeControl "180+1"]
[Date "2022.02.22"]
[WhiteClock "0:01:59"]
[BlackClock "0:00:27"]

1. d4 Nf6 2. c4 g6 3. Nc3 Bg7 4. e4 O-O 5. f3 d6 6. Bg5 c5 7. d5 e6 8. Qd2 exd5 9. cxd5 a6 10. a4 Qa5 11. Ra3 Nbd7 12. Nge2 Re8 13. Nc1 Ne5 14. Be2 c4 15. O-O Qc7 16. Be3 Rb8 17. a5 Nfd7 18. f4 Nd3 19. Bxd3 cxd3 20. Nxd3 b5 21. Nb4 Nc5 22. Nc6 Nxe4 23. Nxe4 Rxe4 24. Nxb8 Qxb8 25. Bb6 h5 26. Re3 Bf5 27. Rfe1 Rxe3 28. Qxe3 Kh7 29. Bd4 Qd8 30. Bxg7 Kxg7 31. Qc3+ Kg8 32. b4 Qh4 33. Re8+ Kh7 34. Rh8# 1-0


[Site "https://www.chess.com"]

[Event "Titled Tuesday Blitz February 22 Early 2022"]
[White "Elgersma, Onno"]
[Black "Rangel, Daniel"]
[WhiteFideId "1053531"]
[BlackFideId "2124475"]
[WhiteElo "2304"]
[BlackElo "2187"]
[Result "0-1"]
[Round "03"]
[TimeControl "180+1"]
[Date "2022.02.22"]
[WhiteClock "0:00:06"]
[BlackClock "0:00:22"]

1. e4 c5 2. Nf3 g6 3. c3 Bg7 4. d4 cxd4 5. cxd4 d5 6. e5 Bg4 7. Nbd2 Nc6 8. Bb5 e6 9. O-O Ne7 10. h3 Bxf3 11. Nxf3 O-O 12. b3 Qb6 13. Bxc6 Nxc6 14. Ba3 Rfc8 15. Bc5 Qd8 16. Qd2 Bf8 17. b4 Bg7 18. Rac1 b6 19. Bd6 Ne7 20. b5 Nf5 21. Bb4 Bh6 22. Qb2 Bxc1 23. Rxc1 Rxc1+ 24. Qxc1 Rc8 25. Qf4 h5 26. g4 hxg4 27. hxg4 Nh4 28. Ne1 Rc4 29. Bd2 Qe7 30. Qg5 Qxg5 31. Bxg5 Rxd4 32. Bxh4 Rxg4+ 33. Bg3 Ra4 34. Kg2 Rxa2 35. Nd3 Ra5 36. Kf3 Rxb5 37. Ke3 a5 38. Kd4 a4 39. Nc1 a3 40. Kc3 Rc5+ 41. Kd2 b5 42. Bf4 b4 43. Be3 Rc4 44. Kd1 Kg7 45. f4 f6 46. exf6+ Kxf6 47. Kd2 Kf5 48. Kd3 Rxf4 49. Bxf4 Kxf4 50. Kc2 g5 51. Nd3+ Ke3 52. Nxb4 g4 53. Kd1 g3 54. Nc2+ Kf2 0-1


[Site "https://www.chess.com"]

[Event "Titled Tuesday Blitz February 22 Early 2022"]
[White "Erdogdu, Mert"]
[Black "Brunner, Nicolas"]
[WhiteFideId "6301495"]
[BlackFideId "620246"]
[WhiteElo "2485"]
[BlackElo "2372"]
[Result "1/2-1/2"]
[Round "03"]
[TimeControl "180+1"]
[Date "2022.02.22"]
[WhiteClock "0:00:28"]
[BlackClock "0:00:52"]

1. e4 e5 2. Nf3 Nc6 3. Bc4 Nf6 4. d3 Be7 5. O-O O-O 6. Re1 d6 7. a4 Na5 8. Ba2 c5 9. Nc3 Nc6 10. Nd5 Nxd5 11. Bxd5 Be6 12. c3 Qd7 13. d4 cxd4 14. cxd4 Bxd5 15. exd5 Nxd4 16. Nxd4 exd4 17. Qxd4 Bf6 18. Qb4 a5 19. Qb3 Rfe8 20. Bd2 h6 21. Rac1 Bd4 22. Rc4 Bc5 23. Qf3 Rxe1+ 24. Bxe1 Re8 25. Re4 Qxa4 26. Rxe8+ Qxe8 27. Bxa5 Qa4 28. Be1 Qa1 29. Qc3 Bd4 30. Qc8+ Kh7 31. Qf5+ Kg8 32. Qc8+ Kh7 33. Qf5+ Kg8 34. Qc8+ 1/2-1/2


[Site "https://www.chess.com"]

[Event "Titled Tuesday Blitz February 22 Early 2022"]
[White "Escudero Donoso, Felipe"]
[Black "Zavgorodniy, Sergiy"]
[WhiteFideId "3410595"]
[BlackFideId "14110148"]
[WhiteElo "2184"]
[BlackElo "2420"]
[Result "0-1"]
[Round "03"]
[TimeControl "180+1"]
[Date "2022.02.22"]
[WhiteClock "0:00:02"]
[BlackClock "0:01:00"]

1. Nf3 Nf6 2. c4 d6 3. Nc3 e5 4. g3 Be7 5. Bg2 c6 6. d4 e4 7. Ng5 d5 8. O-O O-O 9. f3 h6 10. Nh3 exf3 11. Rxf3 dxc4 12. Nf4 b5 13. Rf1 b4 14. Ne4 Nxe4 15. Bxe4 Qb6 16. e3 Nd7 17. Qc2 Nf6 18. Bg2 Ba6 19. d5 cxd5 20. Nxd5 Nxd5 21. Bxd5 Rac8 22. Qe4 Bf6 23. Rf2 Rcd8 24. Qg2 Rxd5 25. Qxd5 Rd8 26. Qf3 Bb7 27. Qe2 Qc6 28. e4 Bd4 29. Bf4 Bxf2+ 30. Qxf2 Qxe4 31. Kf1 Qh1+ 32. Qg1 Qf3+ 33. Qf2 Qd3+ 34. Kg1 Re8 35. Re1 Rxe1+ 36. Qxe1 Qf3 37. Qe8+ Kh7 0-1


[Site "https://www.chess.com"]

[Event "Titled Tuesday Blitz February 22 Early 2022"]
[White "Estrada Nieto, Julian"]
[Black "Terzi, Alexei"]
[WhiteFideId "5101018"]
[BlackFideId "13505076"]
[WhiteElo "2246"]
[BlackElo "2031"]
[Result "1-0"]
[Round "03"]
[TimeControl "180+1"]
[Date "2022.02.22"]
[WhiteClock "0:01:39"]
[BlackClock "0:00:08"]

1. e4 c5 2. Nf3 Nc6 3. Bb5 g6 4. Bxc6 dxc6 5. d3 Bg7 6. h3 Nf6 7. Nc3 Nd7 8. Be3 b6 9. Qd2 h6 10. O-O Nf8 11. a4 a5 12. Nh2 e5 13. Ne2 Ne6 14. f4 exf4 15. Nxf4 Bxb2 16. Rab1 Bd4 17. c3 Bxe3+ 18. Qxe3 h5 19. Nf3 Ra7 20. Ne5 Qc7 21. d4 cxd4 22. cxd4 Qd6 23. Nxe6 Bxe6 24. Rxb6 O-O 25. Rxc6 Qe7 26. d5 Bxh3 27. Nxg6 fxg6 28. Rxg6+ Kh8 29. Qh6+ 1-0


[Site "https://www.chess.com"]

[Event "Titled Tuesday Blitz February 22 Early 2022"]
[White "Eynullayev, Altay"]
[Black "Sjugirov, Sanan"]
[WhiteFideId "13413562"]
[BlackFideId "4189302"]
[WhiteElo "2079"]
[BlackElo "2602"]
[Result "0-1"]
[Round "03"]
[TimeControl "180+1"]
[Date "2022.02.22"]
[WhiteClock "0:01:18"]
[BlackClock "0:01:47"]

1. e4 c5 2. Nf3 d6 3. d4 cxd4 4. Nxd4 Nf6 5. Nc3 a6 6. Be2 e5 7. Nb3 Be7 8. Be3 Be6 9. Nd5 Nbd7 10. Qd3 Bxd5 11. exd5 Rc8 12. c4 O-O 13. O-O Ne8 14. Qd2 g6 15. Na5 Qc7 16. b4 Ng7 17. Bh6 f5 18. f4 Bf6 19. Rac1 e4 20. Kh1 Kh8 21. g4 Rf7 22. g5 Be7 23. Qd4 Kg8 24. a3 Qb8 25. Rc2 Bd8 26. Rfc1 Bxa5 27. bxa5 Nc5 28. Bxg7 Rxg7 29. Rb1 Qc7 30. Rb6 Rf7 31. Rcb2 Re8 32. R2b4 e3 33. h4 Re4 34. Qb2 Rxf4 35. h5 Qe7 36. h6 Qxg5 0-1


[Site "https://www.chess.com"]

[Event "Titled Tuesday Blitz February 22 Early 2022"]
[White "Eynullayev, Atilla"]
[Black "Osmonbekov, Talaibek"]
[WhiteFideId "13413570"]
[BlackFideId "2017253"]
[WhiteElo "1979"]
[BlackElo "2135"]
[Result "1-0"]
[Round "03"]
[TimeControl "180+1"]
[Date "2022.02.22"]
[WhiteClock "0:02:12"]
[BlackClock "0:00:37"]

1. e4 c5 2. Nf3 d6 3. d4 cxd4 4. Nxd4 Nf6 5. Nc3 g6 6. Be3 Bg7 7. f3 O-O 8. Qd2 Nc6 9. g4 Qa5 10. h4 Nxd4 11. Bxd4 Be6 12. h5 Rfc8 13. h6 Bh8 14. g5 Nd7 15. Bxh8 Kxh8 16. f4 Bg4 17. Bh3 Bxh3 18. Rxh3 Qc5 19. O-O-O b5 20. Nd5 e6 21. Rc3 exd5 22. Rxc5 dxc5 23. Qxd5 Kg8 24. Qxd7 Re8 25. Qd6 Re6 26. Qd8+ Re8 27. Qf6 1-0


[Site "https://www.chess.com"]

[Event "Titled Tuesday Blitz February 22 Early 2022"]
[White "Ezat, Mohamed"]
[Black "Mayaud, Raphael"]
[WhiteFideId "10600906"]
[BlackFideId "627151"]
[WhiteElo "2386"]
[BlackElo "2191"]
[Result "1-0"]
[Round "03"]
[TimeControl "180+1"]
[Date "2022.02.22"]
[WhiteClock "0:00:22"]
[BlackClock "0:00:03"]

1. d4 Nf6 2. c4 c5 3. d5 b5 4. cxb5 a6 5. Nc3 axb5 6. e4 b4 7. Nb5 d6 8. Bf4 g5 9. Bxg5 Nxe4 10. Bf4 Nf6 11. Bd3 Bg7 12. Nf3 Bb7 13. O-O Bxd5 14. Nh4 Be6 15. Nf5 Bxf5 16. Bxf5 O-O 17. Re1 Kh8 18. Re3 Nc6 19. Rh3 Ne5 20. Bxh7 Qb6 21. Be4+ Kg8 22. Bxa8 Rxa8 23. a4 Ng6 24. Bg5 Ne4 25. Be3 Bxb2 26. Ra2 Nc3 27. Nxc3 bxc3 28. Qh5 c2 29. Qh7+ Kf8 30. Bh6+ Ke8 31. Qg8+ Kd7 32. Qxa8 1-0


[Site "https://www.chess.com"]

[Event "Titled Tuesday Blitz February 22 Early 2022"]
[White "FGHSMN"]
[Black "Grischuk, Alexander"]
[BlackFideId "4126025"]
[WhiteElo "2805"]
[BlackElo "2762"]
[Result "0-1"]
[Round "03"]
[TimeControl "180+1"]
[Date "2022.02.22"]
[WhiteClock "0:00:01"]
[BlackClock "0:00:06"]

1. d4 Nf6 2. Nf3 e6 3. Bf4 c5 4. c3 b6 5. e3 Be7 6. h3 O-O 7. Bd3 Ba6 8. O-O Bxd3 9. Qxd3 d5 10. a4 Nc6 11. Nbd2 Qc8 12. Ne5 Nxe5 13. Bxe5 Nd7 14. Bg3 Qb7 15. Rad1 Rfc8 16. Rfe1 h6 17. e4 cxd4 18. Qxd4 Nf6 19. exd5 Qxd5 20. Ne4 Qb3 21. Bd6 Rd8 22. Nxf6+ Bxf6 23. Qb4 Qc2 24. Rc1 Qf5 25. Rcd1 Rd7 26. Qb3 Rad8 27. Bg3 Rd3 28. Rxd3 Qxd3 29. a5 bxa5 30. Bc7 Rd5 31. Qb8+ Kh7 32. Qxa7 Qd2 33. Rf1 Qxb2 34. Bxa5 Qa2 35. Bb6 Qxa7 36. Bxa7 Bxc3 37. Be3 g5 38. g4 Kg6 39. Kg2 h5 40. Rc1 Be5 41. Rc8 Bf4 42. Bxf4 gxf4 43. Kf3 hxg4+ 44. hxg4 e5 45. Ke4 Ra5 46. Rg8+ Kf6 47. Kf3 Ra3+ 48. Kg2 e4 49. Re8 Ra4 50. Kg1 Kg5 51. Rg8+ Kh4 52. Kg2 f3+ 53. Kh2 Ra2 54. Kg1 Ra1+ 55. Kh2 Rf1 56. Rh8+ Kxg4 57. Rg8+ Kf5 58. Kh3 Rh1+ 59. Kg3 Rg1+ 60. Kh2 Rxg8 0-1


[Site "https://www.chess.com"]

[Event "Titled Tuesday Blitz February 22 Early 2022"]
[White "Fathy, Elameir"]
[Black "De Verdier, Michael"]
[WhiteFideId "10600396"]
[BlackFideId "1710516"]
[WhiteElo "2311"]
[BlackElo "2301"]
[Result "0-1"]
[Round "03"]
[TimeControl "180+1"]
[Date "2022.02.22"]
[WhiteClock "0:00:02"]
[BlackClock "0:01:16"]

1. d4 Nf6 2. c4 d6 3. Nf3 Bf5 4. Nc3 g6 5. g3 Bg7 6. Bg2 c6 7. Nh4 Bd7 8. e4 e5 9. d5 c5 10. h3 Na6 11. Be3 Nc7 12. Qd2 b5 13. cxb5 Nxb5 14. O-O Nd4 15. Kh2 Rb8 16. f4 exf4 17. Bxf4 Qb6 18. e5 Nh5 19. e6 fxe6 20. dxe6 Bxe6 21. Rae1 O-O 22. b3 Nxf4 23. Rxf4 Be5 24. Rxf8+ Rxf8 25. Nd5 Qd8 26. Nf4 Bxf4 27. gxf4 Qxh4 0-1


[Site "https://www.chess.com"]

[Event "Titled Tuesday Blitz February 22 Early 2022"]
[White "Fecker, Noah"]
[Black "Qashashvili, Alexandre"]
[WhiteFideId "1334263"]
[BlackFideId "13600842"]
[WhiteElo "2312"]
[BlackElo "2316"]
[Result "1-0"]
[Round "03"]
[TimeControl "180+1"]
[Date "2022.02.22"]
[WhiteClock "0:01:09"]
[BlackClock "0:00:05"]

1. e4 c6 2. d4 d5 3. Nc3 dxe4 4. Nxe4 Nd7 5. Ng5 Ngf6 6. Bd3 e6 7. N1f3 Bd6 8. Qe2 Nb6 9. c4 c5 10. d5 h6 11. dxe6 hxg5 12. exf7+ Kf8 13. Nxg5 Qe7 14. Be3 Bg4 15. f3 Bd7 16. O-O-O Rd8 17. Rhe1 Rh5 18. Qf2 Rxg5 19. Bxg5 Qxf7 20. Qh4 Kg8 21. Bh7+ Nxh7 22. Bxd8 Bf4+ 23. Kb1 Nxc4 24. Rxd7 Qxd7 25. Qxf4 Qxd8 26. Qxc4+ Kh8 27. Qxc5 Nf6 28. Qc2 Qd6 29. Rd1 Qxh2 30. Rd8+ Ng8 31. a3 Qh4 32. Qc8 Qe1+ 33. Ka2 Qe6+ 34. Qxe6 1-0


[Site "https://www.chess.com"]

[Event "Titled Tuesday Blitz February 22 Early 2022"]
[White "Fedoseev, Vladimir"]
[Black "Rodchenkov, Vitaly"]
[WhiteFideId "24130737"]
[BlackFideId "4152964"]
[WhiteElo "2726"]
[BlackElo "2337"]
[Result "1-0"]
[Round "03"]
[TimeControl "180+1"]
[Date "2022.02.22"]
[WhiteClock "0:00:24"]
[BlackClock "0:00:37"]

1. e4 c5 2. Nf3 d6 3. d4 cxd4 4. Nxd4 Nf6 5. Nc3 a6 6. Be2 e5 7. Nb3 Be7 8. O-O Be6 9. f4 Qc7 10. Kh1 Nbd7 11. Be3 Rc8 12. Nd2 exf4 13. Rxf4 Ne5 14. Qf1 b5 15. a3 O-O 16. Rd1 Qb7 17. Bd4 Rfe8 18. h3 Bf8 19. Qf2 Ng6 20. Rxf6 gxf6 21. Qxf6 Qe7 22. Qf2 Bg7 23. Nf3 Ne5 24. Nh4 Qg5 25. Be3 Qe7 26. Nd5 Bxd5 27. Nf5 Qf6 28. Rxd5 Re6 29. c3 Rce8 30. Bd4 Qg6 31. Qh4 Bf6 32. Qf4 Bg5 33. Qg3 Bc1 34. Qh4 Bg5 35. Qf2 Bc1 36. Bf1 Nc6 37. Nh4 Qg5 38. Rxg5+ 1-0


[Site "https://www.chess.com"]

[Event "Titled Tuesday Blitz February 22 Early 2022"]
[White "Ferguson, Randal"]
[Black "Tillis., Bryan"]
[WhiteFideId "30903106"]
[BlackFideId "2059053"]
[WhiteElo "2076"]
[BlackElo "2342"]
[Result "0-1"]
[Round "03"]
[TimeControl "180+1"]
[Date "2022.02.22"]
[WhiteClock "0:00:34"]
[BlackClock "0:00:15"]

1. e4 c5 2. Nc3 a6 3. Nge2 b5 4. g3 Bb7 5. Bg2 e6 6. O-O Nf6 7. d4 b4 8. Na4 Qa5 9. Nxc5 Bxc5 10. dxc5 Bxe4 11. Be3 Bxg2 12. Kxg2 O-O 13. a3 bxa3 14. Rxa3 Qc7 15. Bf4 Qxc5 16. Bd6 Qc6+ 17. Kg1 Rc8 18. Rc3 Qb7 19. Rb3 Qd5 20. Rd3 Qh5 21. c3 Nc6 22. Nf4 Qxd1 23. Rfxd1 a5 24. f3 Ra7 25. Ba3 d5 26. g4 h6 27. h4 Ne5 28. g5 Nxd3 29. Rxd3 Nd7 30. gxh6 Ne5 31. Rd1 gxh6 32. Kf2 Nc4 33. Rg1+ Kh7 34. Nh5 Nxa3 35. Nf6+ Kh8 36. bxa3 e5 37. Ng4 Ra6 38. Nxe5 Rf6 39. Rc1 Kg7 40. Ke3 Re6 41. Kd4 Rd8 42. Rg1+ Kf8 43. Ng4 Rg6 44. h5 Rc6 45. Ne5 Re6 46. f4 a4 47. f5 Ree8 48. Ng4 Re7 49. Nxh6 Re4+ 50. Kd3 Rh4 51. Rg8+ Ke7 52. f6+ Kd7 53. Rxd8+ Kxd8 54. Nf5 Rh3+ 55. Kd4 Rxh5 56. Ne3 Rh6 57. Nxd5 Kd7 58. c4 Kd6 59. c5+ Kc6 60. Ne7+ Kd7 61. Nf5 Rh5 62. Ke5 Rg5 63. Kf4 Rg1 64. Nd4 Ra1 65. Nb5 Kc6 66. Nd4+ Kxc5 67. Nc2 Ra2 68. Ne3 Kd6 69. Nc4+ Ke6 70. Ke4 Rc2 71. Ne3 Rc3 72. Kd4 Rxa3 73. Nc4 Ra1 74. Nd2 Rd1 75. Ke3 Rxd2 76. Kxd2 Kxf6 77. Ke3 Kg5 78. Kf3 f5 79. Kg3 f4+ 80. Kf3 a3 81. Kg2 a2 82. Kh3 a1=Q 83. Kh2 Qa5 84. Kh3 Qf5+ 85. Kg2 Qg4+ 86. Kf1 f3 87. Kf2 Qg2+ 88. Ke3 Qe2+ 89. Kd4 f2 90. Kc5 f1=Q 91. Kd6 Qfd1+ 92. Kc7 Qec2+ 0-1


[Site "https://www.chess.com"]

[Event "Titled Tuesday Blitz February 22 Early 2022"]
[White "Ferreira, Vitor Hugo Vieira"]
[Black "Zanette, Edgard Vinicius"]
[WhiteFideId "2119765"]
[BlackFideId "2109263"]
[WhiteElo "2216"]
[BlackElo "2182"]
[Result "1/2-1/2"]
[Round "03"]
[TimeControl "180+1"]
[Date "2022.02.22"]
[WhiteClock "0:00:19"]
[BlackClock "0:00:08"]

1. Nf3 Nf6 2. g3 e6 3. Bg2 d5 4. O-O Be7 5. c4 O-O 6. cxd5 exd5 7. d3 c5 8. Nc3 Nc6 9. e4 dxe4 10. dxe4 Bg4 11. h3 Bh5 12. Be3 Qa5 13. Nd5 Nxd5 14. exd5 Rad8 15. Qb3 Nb4 16. Nd2 Be2 17. Rfe1 c4 18. Nxc4 Bxc4 19. Qxc4 Nxd5 20. Bd4 Bf6 21. Bxf6 Nxf6 22. Bxb7 Qb6 23. Bg2 Qxb2 24. Rab1 Qa3 25. Rb7 Rd2 26. Ree7 Qxa2 27. Qxa2 Rxa2 28. Rxa7 Rxa7 29. Rxa7 g6 30. Bf1 Kg7 31. Bc4 Ne4 32. Kg2 Nd6 33. Bd5 Rd8 34. g4 h6 35. h4 Rf8 36. Rd7 Ne8 37. Re7 Nf6 38. Bf3 Ng8 39. Rb7 Rd8 40. Be2 Rd4 41. Kg3 Re4 42. Bd3 Re7 43. Rb6 g5 44. hxg5 hxg5 45. Rb5 f6 46. Bc4 Rc7 47. Bd5 Ne7 48. Be6 Ng6 49. Rb8 Nf8 50. Bd5 Rc3+ 51. f3 Rd3 52. Rb7+ Kh8 53. Be4 Rd7 54. Rb8 Kg7 55. Bc6 Rc7 56. Bd5 Rd7 57. Bc4 Rc7 58. Bb3 Re7 59. Rb6 Nd7 60. Rb7 Kf8 61. Ba4 Nc5 62. Rb8+ Kg7 63. Bc2 Ne6 64. Be4 Nc5 65. Bd5 Ne6 66. Rb6 Nc7 67. Be4 Ne6 68. Rb1 Nc5 69. Bf5 Ne6 70. Re1 Kf7 71. Rh1 Nf8 72. Kf2 Kg7 73. Rc1 Ra7 74. Rc4 Ra2+ 75. Kg3 Ra7 76. f4 Ra3+ 77. Kg2 Ra2+ 78. Kf3 Ra3+ 79. Ke4 gxf4 80. Kxf4 Ra7 81. Rc6 Ra4+ 82. Kg3 Ra3+ 83. Kg2 Ra2+ 84. Kf3 Ra3+ 85. Ke4 Ra4+ 86. Kd5 Ra5+ 87. Kd6 Ra7 88. Rc8 Ng6 89. Be6 Ra6+ 90. Rc6 Rxc6+ 91. Kxc6 Ne5+ 92. Kd5 Nxg4 93. Bxg4 Kg6 94. Ke4 f5+ 95. Bxf5+ 1/2-1/2


[Site "https://www.chess.com"]

[Event "Titled Tuesday Blitz February 22 Early 2022"]
[White "Fiorito, Fabian"]
[Black "Bazarov, Konstantin"]
[WhiteFideId "100200"]
[BlackFideId "4137000"]
[WhiteElo "2395"]
[BlackElo "2079"]
[Result "1-0"]
[Round "03"]
[TimeControl "180+1"]
[Date "2022.02.22"]
[WhiteClock "0:00:21"]
[BlackClock "0:00:06"]

1. d4 Nf6 2. Nc3 d5 3. Bf4 c6 4. e3 Bf5 5. f3 h6 6. Qd2 e6 7. g4 Bg6 8. h4 Bb4 9. a3 Ba5 10. b4 Bc7 11. Nh3 Nbd7 12. Qh2 Bxf4 13. Nxf4 Bh7 14. g5 Ng8 15. Qg2 Kf8 16. g6 Bxg6 17. Nxg6+ fxg6 18. f4 Qf6 19. Ke2 Ne7 20. Kd2 b6 21. Ba6 c5 22. Ne2 Nf5 23. bxc5 bxc5 24. c3 Nxh4 25. Qf2 Nf5 26. Rab1 Nd6 27. Ng3 Ke7 28. Bb7 Rab8 29. Bc6 h5 30. Bxd7 Kxd7 31. Qe2 Nc4+ 32. Kd3 h4 33. Qc2 Rhc8 34. Qa4+ Kd8 35. Qxa7 Ra8 36. Qb7 Rab8 37. Qa7 Rxb1 38. Rxb1 hxg3 39. Rb7 Qf5+ 40. Ke2 Qg4+ 41. Ke1 e5 42. Rxg7 Nd6 43. Qe7# 1-0


[Site "https://www.chess.com"]

[Event "Titled Tuesday Blitz February 22 Early 2022"]
[White "Gabdrakhmanov, Azat"]
[Black "Mikhnenko, Alexander"]
[WhiteFideId "34189197"]
[BlackFideId "34143014"]
[WhiteElo "2279"]
[BlackElo "2140"]
[Result "0-1"]
[Round "03"]
[TimeControl "180+1"]
[Date "2022.02.22"]
[WhiteClock "0:00:09"]
[BlackClock "0:00:13"]

1. e4 c5 2. Nf3 e6 3. d4 cxd4 4. Nxd4 Nf6 5. Nc3 Nc6 6. Ndb5 Bc5 7. Nd6+ Ke7 8. Bf4 e5 9. Nf5+ Kf8 10. Bg5 d6 11. Bc4 Be6 12. Bxe6 fxe6 13. Ng3 h6 14. Be3 Bxe3 15. fxe3 Ke7 16. Qd2 Qb6 17. O-O-O Rhd8 18. Kb1 Rac8 19. Rhf1 Na5 20. b3 Nc4 21. Qd3 Qb4 22. Rf2 Na3+ 23. Kb2 Rc6 24. Nb1 Nxb1 25. Kxb1 Rdc8 26. c4 Rxc4 27. Rfd2 R8c6 28. Qe2 Rc3 29. Nh5 Qxe4+ 30. Ka1 Rc1+ 31. Kb2 Qb1+ 32. Ka3 Ra6+ 33. Kb4 Rb6+ 34. Ka3 Ra6+ 35. Kb4 Qe4+ 36. Rd4 exd4 37. Rxd4 Qc6 38. Qb5 Qxb5+ 39. Kxb5 Rc5+ 40. Kb4 Rb6+ 41. Ka3 Nxh5 42. Kb2 Nf6 43. g4 Re5 44. g5 hxg5 45. h4 gxh4 46. Rxh4 Rxe3 47. Rh8 Rc6 48. a4 Re2+ 49. Ka3 a5 50. Rb8 Rcc2 51. Rxb7+ Nd7 52. b4 Rc3# 0-1


[Site "https://www.chess.com"]

[Event "Titled Tuesday Blitz February 22 Early 2022"]
[White "Gaehwiler, Gabriel"]
[Black "Jumabayev, Rinat"]
[WhiteFideId "1314530"]
[BlackFideId "13702661"]
[WhiteElo "2383"]
[BlackElo "2561"]
[Result "1/2-1/2"]
[Round "03"]
[TimeControl "180+1"]
[Date "2022.02.22"]
[WhiteClock "0:00:12"]
[BlackClock "0:00:06"]

1. Nf3 e6 2. d4 d5 3. c4 Nf6 4. g3 Be7 5. Bg2 O-O 6. O-O c6 7. Nbd2 b6 8. Qc2 Bb7 9. e4 Na6 10. a3 c5 11. exd5 exd5 12. dxc5 Nxc5 13. b4 Ne6 14. cxd5 Qxd5 15. Bb2 Rac8 16. Qb3 Rfd8 17. Qxd5 Bxd5 18. Rfc1 a5 19. bxa5 bxa5 20. Nf1 Nd7 21. Ne3 Ba8 22. Bc3 a4 23. Nf5 Bf8 24. Ba5 Rxc1+ 25. Rxc1 Rb8 26. N3d4 Bxg2 27. Kxg2 Ra8 28. Nc6 Bxa3 29. Ra1 Bf8 30. Rxa4 Ndc5 31. Rc4 f6 32. Bb4 Kf7 33. Ne3 Ra6 34. Nd4 Nxd4 35. Rxd4 Ra7 36. Rc4 Ne6 37. Bxf8 Nxf8 38. Rb4 Rd7 39. Rb1 g6 40. Rd1 h5 41. Rxd7+ Nxd7 42. f4 Ke6 43. Kf3 f5 44. Ke2 Nc5 45. Kf3 Ne4 46. Ng2 Nf6 47. Nh4 Kf7 48. h3 Nd5 49. g4 hxg4+ 50. hxg4 Kf6 51. gxf5 gxf5 52. Nxf5 Kxf5 53. Kg3 Nxf4 1/2-1/2


[Site "https://www.chess.com"]

[Event "Titled Tuesday Blitz February 22 Early 2022"]
[White "Galchenko, Matvey"]
[Black "Kim, Sergey"]
[WhiteFideId "24175480"]
[BlackFideId "13700570"]
[WhiteElo "2453"]
[BlackElo "2636"]
[Result "1-0"]
[Round "03"]
[TimeControl "180+1"]
[Date "2022.02.22"]
[WhiteClock "0:01:03"]
[BlackClock "0:00:19"]

1. f4 d5 2. Nf3 c5 3. g3 Nc6 4. Bg2 g6 5. O-O Bg7 6. d3 e6 7. Nc3 Nge7 8. e4 O-O 9. a3 Rb8 10. Qe2 b5 11. Qf2 Nd4 12. Kh1 dxe4 13. Nxe4 c4 14. dxc4 Nxf3 15. Bxf3 bxc4 16. Qxa7 Bb7 17. Be3 Nf5 18. Rad1 Qc8 19. Bc5 Rd8 20. Rxd8+ Qxd8 21. Rd1 Qc8 22. c3 Bd5 23. Bb4 h6 24. Qf2 Qb7 25. Nd2 Rd8 26. Re1 Kh7 27. Kg1 h5 28. Bxd5 Qxd5 29. Ne4 Kg8 30. a4 Nh6 31. a5 Ng4 32. Qc5 Qd3 33. Qb5 Qf3 34. Qxc4 Rd2 35. Qc8+ 1-0


[Site "https://www.chess.com"]